 Dungeon Crawl Stone Soup version 0.28-a0-589-g333b8329f1 (webtiles) character file.

Game seed: 15749171477912305507

13822 freelancePsychic the Thaumaturge (level 12, -12/92 HPs)
             Began as a Djinni Venom Mage on Oct 3, 2021.
             Was an Initiate of Makhleb.
             Mangled by a large slime creature (30 damage)
             ... on level 9 of the Dungeon.
             The game lasted 00:32:13 (14184 turns).

freelancePsychic the Thaumaturge (DjVM)            Turns: 14184, Time: 00:32:14

Health: -12/92     AC: 14    Str:  7    XL:     12   Next: 37%
Gold:   155        EV: 10    Int: 26    God:    Makhleb [......] SH:  7 Dex: 15

rFire   + + .      SeeInvis +   g - +4 scimitar (flame)
rCold   x . .      Faith    .   o - +2 buckler
rNeg    + . .      Spirit   .   B - +7 ring mail of the Sunfish {Drain Int+3 Dex+2}
rPois   ∞          Reflect  .   h - +0 helmet
rElec   .          Harm     .   n - +0 cloak {rCorr}
rCorr   +          Rampage  .   (no gloves)
Will    +....                   (boots unavailable)
Stlth   +.........              (no amulet)
HPRegen 0.25/turn               f - ring of positive energy
MPRegen 0.00/turn               C - ring of see invisible

@: flying
A: sickness immunity, fire resistance 2, cold vulnerability 1, float, innate
caster, hp casting, extra vitality 1
a: Renounce Religion


You were on level 9 of the Dungeon.
You worshipped Makhleb.
Makhleb was noncommittal.
You visited 2 branches of the dungeon, and saw 10 of its levels.
You also visited: Ossuary and Bailey.

You collected 442 gold pieces.
You spent 287 gold pieces at shops.

Inventory:

Hand Weapons
 g - a +4 scimitar of flaming (weapon)
Armour
 h - a +0 helmet (worn)
 n - a +0 cloak of preservation (worn)
 o - a +2 buckler (worn)
 s - +0 steam dragon scales
 B - the +7 ring mail of the Sunfish (worn) {Drain Int+3 Dex+2}
   (You bought it in a shop on level 4 of the Dungeon)

   Int:       It affects your intelligence (+3).
   Dex:       It affects your dexterity (+2).
   Drain:     It drains your maximum health when unequipped.
Jewellery
 f - a ring of positive energy (left hand)
 C - a ring of see invisible (right hand)
Wands
 a - a wand of iceblast (8)
 t - a wand of flame (22)
 A - a wand of mindburst (16)
Scrolls
 c - 2 scrolls of vulnerability
 d - a scroll of torment
 i - 2 scrolls of blinking
 l - 3 scrolls of teleportation {@r4}
 q - 5 scrolls of enchant armour
 r - a scroll of fear
 y - 3 scrolls of enchant weapon
 z - a scroll of summoning
Potions
 b - 3 potions of lignification
 e - 6 potions of haste {unknown}
 j - 2 potions of curing {@q1}
 k - 2 potions of might
 m - a potion of ambrosia
 p - 3 potions of invisibility
 u - a potion of mutation {unknown}
 v - a potion of heal wounds {@q2}
 w - a potion of cancellation {unknown}
 x - a potion of magic {unknown}


   Skills:
 + Level 10.3 Fighting
 - Level 2.5(3.8) Short Blades
 - Level 4.5(4.8) Long Blades
 + Level 3.6 Dodging
 - Level 1.5 Stealth
 - Level 4.0 Shields
 * Level 11.6 Spellcasting


You had 10 spell levels left.
You knew the following spells:

 Your Spells              Type           Power      Damage    Failure   Level
a - Sting                 Tmut/Pois      100%       1d8       1%          1
b - Poisonous Vapours     Pois/Air       100%       N/A       1%          2
c - Flame Wave            Conj/Fire      66%        3d12      1%          4
d - Olgreb's Toxic Radia  Pois           66%        N/A       1%          4
e - Mephitic Cloud        Conj/Pois/Air  66%        N/A       1%          3
f - Blink                 Tloc           N/A        N/A       1%          2
g - Summon Guardian Gole  Hex/Summ       66%        N/A       1%          3
h - Cause Fear            Hex            33%        N/A       1%          4
i - Pain                  Necr           100%       1d9       1%          1
Your spell library was empty.

Dungeon Overview and Level Annotations

Branches:
Dungeon (9/15)             Temple (1/1) D:7         Ossuary (visited)
 Bailey (visited)
   Lair: D:8-11         Orc: D:9-12

Altars:
Ashenzari
Cheibriados
Elyvilon
Kikubaaqudgha
Makhleb
Qazlal
Ru
Sif Muna
Trog
Uskayaw
Vehumet
Wu Jian
Xom
Yredelemnul
Zin
The Shining One

Shops:
D:1 ?   D:3 =   D:4 (:[:   D:5 !

Annotations:
D:1 Natasha
D:3 Grinder


Innate Abilities, Weirdness & Mutations

You are immune to sickness and miasma.
You are immune to poison.
Your flesh is very heat resistant. (rF++)
You are vulnerable to cold. (rC-)
You float through the air rather than walking.
You learn spells naturally, not from books.
Your magical power is your life essence.
You have superior vitality. (+4 HP)


Message History

The slime creature is almost dead.
The flame wave engulfs the slime creature!
The slime creature is moderately wounded.
The flame wave engulfs the slime creature!!
The slime creature is moderately wounded.
You finish channelling waves of flame.
The slime creature hits you but does no damage.
Two slime creatures merge to form a large slime creature.
The slime creature hits you!
Casting: Flame Wave (mildly dangerous; 1% risk of failure)
Confirm with . or Enter, or press ? or * to list all spells.
Casting: Flame Wave (mildly dangerous; 1% risk of failure)
Press: ? - help, Dir - look around, f - activate A wave of flame ripples out!
The flame wave engulfs the slime creature!
You kill the slime creature!
Makhleb accepts your kill.
The flame wave engulfs the slime creature!
You kill the slime creature!
Makhleb accepts your kill.
The flame wave engulfs the large slime creature!
The large slime creature is severely wounded. (Press . to intensify the flame waves.)
A wave of flame ripples out!
The flame wave engulfs the slime creature!
The slime creature is heavily wounded.
The flame wave engulfs the large slime creature!!
The large slime creature is almost dead.
The slime creature closely misses you. The large slime creature hits you!
* * * LOW HITPOINT WARNING * * *
A wave of flame ripples out!
The flame wave engulfs the slime creature!!
The slime creature is almost dead.
The flame wave engulfs the large slime creature!
The large slime creature is almost dead.
* * * LOW HITPOINT WARNING * * *
You finish channelling waves of flame.
The slime creature hits you but does no damage.
The large slime creature hits you!!
You die...

....... ....... # ..
................. ' ....
................#. # #
..#.#+##........!.....<. ...
.............# ......... ...
.............# #........ ...
.........)...#+#........ ...
................JJ..(... ...
................@....... ...
........###............. #####+#
........# #........$.... .....(.
........# ######........ .......
........########........ .......
##.............#.....##. .......
...............#.....####....#...
...............########..........
...............# #).........


You could see a large slime creature and a slime creature.

Vanquished Creatures
  2 two-headed ogres (D:9)
  Erica (D:8)
  3 orc knights (Bailey)
  Joseph (D:8)
  A hornet (D:7)
  3 slime creatures (D:9)
  Sigmund (D:6)
  A vampire (D:9)
  A steam dragon (D:9)
  A sky beast (D:5)
  8 orc warriors
  An ogre (D:4)
  2 black bears
  5 bullfrogs
  3 scorpions
  A wyvern zombie (D:8)
  2 water moccasin skeletons
  A howler monkey (D:6)
  3 centaur zombies
  A bullfrog zombie (D:7)
  4 hounds
  4 orc priests
  A gnoll shaman (D:8)
  A centaur skeleton (D:4)
  Crazy Yiuf (D:3)
  Natasha (D:1)
  3 iguanas (D:6)
  6 orc wizards
  A killer bee zombie (D:7)
  A howler monkey zombie (D:5)
  7 gnolls
  9 adders
  A howler monkey skeleton (D:5)
  An ufetubus (D:7)
  An adder zombie (Ossuary)
  2 worms (D:3)
  3 dart slugs
  48 orcs
  4 bats (D:1)
  7 endoplasms
  8 giant cockroaches
  13 goblins
  11 hobgoblins
  5 jackals
  7 kobolds
  A quokka (D:3)
  6 ball pythons
  6 frilled lizards
  A goblin zombie (Ossuary)
  A jackal skeleton (D:4)
  A jackal zombie (Ossuary)
  2 kobold zombies (Ossuary)
  An orc zombie (Ossuary)
  4 rats (D:2)
215 creatures vanquished.

Vanquished Creatures (others)
  A two-headed ogre (D:6)
  An orc knight (Bailey)
  A human (D:4)
  A water moccasin (D:8)
  2 ice beasts (D:6)
  A necrophage (D:5)
  A centaur (D:8)
  A water moccasin skeleton (D:5)
  3 wights (D:7)
  A hound (D:7)
  3 jellies
  A killer bee zombie (D:8)
  A hound skeleton (D:4)
18 creatures vanquished.

Grand Total: 233 creatures vanquished

Notes
Turn   | Place    | Note
-------+----------+-------------------------------------------
     0 | D:1      | freelancePsychic the Djinni Venom Mage began the quest for
                  | the Orb.
     0 | D:1      | Reached XP level 1. HP: 15/15 MP: 0/0
   414 | D:1      | Reached XP level 2. HP: 19/22 MP: 0/0
   500 | D:1      | Found a faded altar of an unknown god.
   514 | D:1      | Found Uvvel's Magic Scroll Boutique.
   780 | D:1      | Reached skill level 1 in Fighting
  1045 | D:1      | Reached XP level 3. HP: 25/27 MP: 0/0
  1045 | D:1      | Learned a level 1 spell: Pain
  1299 | D:2      | Found a shimmering altar of Xom.
  1315 | D:2      | Noticed Natasha
  1320 | D:2      | Reached skill level 3 in Spellcasting
  1333 | D:1      | Killed Natasha
  1334 | D:1      | Reached XP level 4. HP: 7/32 MP: 0/0
  2373 | D:1      | Noticed Natasha
  2436 | D:1      | Bought a scroll of identify for 20 gold pieces
  2572 | D:2      | Reached XP level 5. HP: 32/38 MP: 0/0
  2572 | D:2      | Learned a level 2 spell: Blink
  3816 | D:3      | Reached skill level 4 in Spellcasting
  4119 | D:3      | Found Ezxyhul's Jewellery Shop.
  4127 | D:3      | Noticed Grinder
  4252 | D:3      | Reached XP level 6. HP: 29/45 MP: 0/0
  4554 | D:3      | Found a runed translucent door.
  4555 | D:3      | Noticed Crazy Yiuf
  4802 | D:3      | Killed Crazy Yiuf
  4803 | D:3      | Reached skill level 1 in Short Blades
  5068 | D:4      | Found Entoenna's Book Emporium.
  5124 | D:4      | Found a runed translucent door.
  5124 | D:4      | Noticed a human
  5132 | D:4      | Noticed an ogre
  5135 | D:4      | Found a sand-covered staircase.
  5145 | Ossuary  | Entered an ossuary
  5655 | D:4      | Killed an ogre
  5656 | D:4      | Reached XP level 7. HP: 34/50 MP: 0/0
  5656 | D:4      | Learned a level 3 spell: Summon Guardian Golem
  5848 | D:4      | Found a basalt altar of Yredelemnul.
  5901 | D:4      | Killed a human
  5902 | D:4      | Reached skill level 5 in Spellcasting
  5989 | D:4      | Found Heyq's Antique Armour Emporium.
  6252 | D:4      | Reached XP level 8. HP: 55/58 MP: 0/0
  6597 | D:4      | Found Booxkuin's Book Shoppe.
  6721 | D:4      | Found Nayschixt's Antique Weapon Shoppe.
  6913 | D:5      | Entered Level 5 of the Dungeon
  7441 | D:5      | Found Pacekhao's Distillery.
  7447 | D:5      | Bought a potion of curing for 42 gold pieces
  7519 | D:5      | Reached skill level 6 in Spellcasting
  7775 | D:5      | Reached skill level 5 in Fighting
  8345 | D:5      | Reached skill level 1 in Shields
  8345 | D:5      | Reached XP level 9. HP: 65/65 MP: 0/0
  8345 | D:5      | Learned a level 4 spell: Cause Fear
  8537 | D:6      | Noticed a two-headed ogre
  8879 | D:6      | Noticed Sigmund
  8902 | D:6      | Killed Sigmund
  8903 | D:6      | Reached skill level 7 in Spellcasting
  9029 | D:6      | Killed a two-headed ogre
  9456 | D:6      | Found an ornate altar of the Wu Jian Council.
  9585 | D:7      | Noticed a hornet
  9591 | D:7      | Killed a hornet
  9592 | D:7      | Reached skill level 8 in Spellcasting
  9592 | D:7      | Reached XP level 10. HP: 46/73 MP: 0/0
 10426 | D:7      | Found a staircase to the Ecumenical Temple.
 10781 | D:8      | Noticed Erica
 10814 | D:8      | Killed Erica
 10815 | D:8      | Reached skill level 9 in Spellcasting
 11065 | D:8      | Found a flagged portal.
 11075 | Bailey   | Entered a bailey
 11404 | Bailey   | Reached skill level 1 in Long Blades
 11469 | Bailey   | Reached skill level 10 in Spellcasting
 11469 | Bailey   | Reached XP level 11. HP: 84/84 MP: 0/0
 11469 | Bailey   | Learned a level 4 spell: Flame Wave
 11501 | Bailey   | Noticed an orc knight
 11531 | Bailey   | Killed an orc knight
 11672 | Bailey   | Noticed an orc knight
 11683 | Bailey   | Noticed an orc knight
 11685 | Bailey   | Noticed an orc knight
 11691 | Bailey   | Killed an orc knight
 11693 | Bailey   | Noticed an orc knight
 11701 | Bailey   | Killed an orc knight
 11702 | Bailey   | Reached skill level 11 in Spellcasting
 11729 | Bailey   | Killed an orc knight
 11730 | Bailey   | Reached XP level 12. HP: 38/91 MP: 0/0
 12114 | D:8      | Noticed Joseph
 12136 | D:8      | Killed Joseph
 12443 | D:8      | Found a glowing golden altar of the Shining One.
 12675 | D:9      | Reached skill level 10 in Fighting
 12682 | D:9      | Noticed a two-headed ogre
 12691 | D:9      | Killed a two-headed ogre
 12992 | Temple   | Entered the Ecumenical Temple
 13257 | D:4      | Bought a dazzling ring mail for 225 gold pieces
 13257 | D:4      | Identified the +7 ring mail of the Sunfish {Drain Int+3
                  | Dex+2} (You bought it in a shop on level 4 of the Dungeon)
 13451 | Temple   | Became a worshipper of Makhleb the Destroyer
 14050 | D:9      | Found a glowing silver altar of Zin.
 14079 | D:9      | Noticed a two-headed ogre
 14091 | D:9      | Killed a two-headed ogre
 14184 | D:9      | Mangled by a large slime creature

Illustrated notes

Levels and vault maps discovered:
D:1:      dpeg_arrival_long_road, layout_loops_cross,
          hellmonk_ecumenical_altar_arch_garden, serial_shops,
          nicolae_square_shop, chequers_serial_rivers_small_b
D:2:      layout_loops_ring, basic_altar, minmay_misc_feat_four_crosses,
          uniq_natasha
D:3:      layout_rooms, serial_shops, shop, uniq_grinder,
          uniq_crazy_yiuf_cottage
D:4:      layout_cave_pods, dk_yredelemnul_ordeal, serial_shops,
          nicolae_diamond_shop, nicolae_shop_waterfront,
          nicolae_shop_overgrown_old_shop, kennysheep_mini,
          nicolae_ossuary_entry_ruins, kennysheep_path_1
D:5:      layout_loops_ring, serial_shops, shop
D:6:      layout_rooms, general_overflow_altar, nicolae_sif_muna_condensation,
          grunt_decor_mini_mirrors, uniq_sigmund
D:7:      layout_loops_cross, minmay_temple_entry_from_below_a
D:8:      layout_basic, tso_oasis_becter, vehumet_altar_wand_db, enter_bailey_5,
          minmay_stone_trees_small, uniq_erica, uniq_joseph
D:9:      layout_basic, zin_treasury, uniq_maurice
Temple:   zaba_magenta_temple

Skill      XL: |  1  2  3  4  5  6  7  8  9 10 11 12 |
---------------+-------------------------------------+-----
Fighting       | 1 2 3 4 5 6 9 10 | 10.3
Spellcasting   | 3 4 5 6 8 10 11 | 11.6
Short Blades   | 1 2 |  2.5
Shields        | 1 4 |  4.0
Long Blades    | 4 |  4.5
Dodging        | 3 |  3.6
Stealth        | |  1.5

Action                   |  1- 3 |  4- 6 |  7- 9 | 10-12 || total
-------------------------+-------+-------+-------+-------++-------
Melee: Unarmed           |       |     1 |       |       ||     1
       Dagger            |       |    84 |   111 |    84 ||   279
       Scimitar          |       |       |       |     9 ||     9
 Cast: Sting             |    45 |    39 |       |       ||    84
       Poisonous Vapours |     3 |    87 |    51 |    19 ||   160
       Blink             |       |     7 |     1 |       ||     8
       Mephitic Cloud    |       |    13 |    11 |    15 ||    39
       Summon Guardian G |       |       |    17 |    18 ||    35
       Olgreb's Toxic Ra |       |       |     7 |    40 ||    47
       Cause Fear        |       |       |       |     3 ||     3
       Flame Wave        |       |       |       |    11 ||    11
Evoke: Wand              |       |       |       |     2 ||     2
  Use: Scroll            |       |     6 |     6 |       ||    12
       Potion            |       |     6 |     1 |     5 ||    12
 Stab: Confused          |       |     3 |     2 |       ||     5
       Invisible         |       |       |       |     2 ||     2
Armor: Robe              |     7 |    20 |    26 |    34 ||    87
       Steam dragon scal |       |       |       |     4 ||     4
       Ring mail         |       |       |       |     3 ||     3
Dodge: Dodged            |    12 |    73 |    71 |   100 ||   256
Block: Buckler           |       |       |     1 |    44 ||    45

Table legend: (Time is in decaauts)
 A = Elapsed time spent in this place.
 B = Non-inter-level travel time spent in this place.
 C = Inter-level travel time spent in this place.
 D = Time resting spent in this place.
 E = Time spent auto-exploring this place.
 F = Levels seen in this place.
 G = Mean time per level.
                   A        B        C        D        E       F      G
               +--------+--------+--------+--------+--------+-----+--------+
         Total |  14179 |  13216 |    963 |    993 |   9696 |  12 | 1181.6 |
       Dungeon |  12883 |  11945 |    938 |    767 |   8973 |   9 | 1431.4 |
        Temple |    133 |    108 |     25 |      0 |     64 |   1 |  133.0 |
       Ossuary |    216 |    216 |      0 |      0 |    137 |   1 |  216.0 |
        Bailey |    946 |    946 |      0 |    226 |    522 |   1 |  946.0 |
               +--------+--------+--------+--------+--------+-----+--------+

Top non-repeatable levels by time:
     D:4: 1949 daAuts
     D:2: 1677 daAuts
     D:5: 1669 daAuts
     D:1: 1661 daAuts
     D:3: 1617 daAuts
     D:8: 1476 daAuts
     D:7: 1423 daAuts
  Bailey: 946 daAuts
     D:6: 786 daAuts
     D:9: 621 daAuts
 Ossuary: 216 daAuts
  Temple: 133 daAuts
